 Dungeon Crawl Stone Soup version 0.32-a0-30-gefbe487952 (webtiles) character file.

Game seed: 8473013664103602157

26513 Drazool the Mimic (level 13, -1/83 HPs)
             Began as an Octopode Summoner on Jan 19, 2024.
             Was an Elder of Sif Muna.
             Slain by Harold
             ... wielding a +2 heavy halberd
              (25 damage)
             ... on level 2 of the Lair of Beasts.
             The game lasted 01:22:47 (17702 turns).

Drazool the Mimic (Octopode Summoner)              Turns: 17702, Time: 01:22:48

Health: -1/83      AC:  2    Str: 14    XL:     13   Next: 26%
Magic:  23/23      EV: 14    Int: 22    God:    Sif Muna [****..]
Gold:   328        SH:  0    Dex: 12    Spells: 7/26 levels left

rFire   + +          .
                       - Unarmed
rCold   + . .        (shield currently unavailable)
rNeg    . . .        K - +1 hat
rPois   +            t - amulet of reflection
rElec   .            S - +6 ring of strength
rCorr   +            P - ring of poison resistance
SInv    +            v - ring of see invisible
Will    +....        C - ring of protection from cold
Stlth   ++           p - ring of the Imp {rF++ Will+ rCorr}
HPRegen 0.33/turn    L - ring of flight
MPRegen 0.18/turn    (no ring)
                     (no ring)

%: reflection
@: confused, blade tentacles, ambrosia-drunk, unable to call your familiar,
flying
A: almost no armour, amphibious, 8 rings, camouflage 1, gelatinous body 1,
(nimble swimmer 1), tentacles
a: Begin Untransformation, Renounce Religion, Channel Magic, Forget Spell,
Divine Exegesis


You were on level 2 of the Lair of Beasts.
You worshipped Sif Muna.
Sif Muna was greatly pleased with you.
You had blades for main tentacles.
You visited 2 branches of the dungeon, and saw 12 of its levels.
You also visited: Bailey and Gauntlet.

You collected 1915 gold pieces.
You spent 1587 gold pieces at shops.


Innate Abilities, Weirdness & Mutations

You have blades for main tentacles.
You are incapable of wielding weapons or throwing items.
You cannot wear most types of armour.
You are amphibious.
You can wear up to eight rings at the same time.
Your skin changes colour to match your surroundings (Stealth+).
Your rubbery body absorbs attacks. (AC +1, EV +1)
((You are camouflaged when in or above water. (Stealth+)))
You have tentacles for arms and can constrict up to eight enemies at once.


   Skills:
 - Level 6.0 Fighting
 + Level 4.1 Dodging
 - Level 4.0 Stealth
 - Level 5.0 Unarmed Combat
 - Level 7.0 Spellcasting
 - Level 5.0 Hexes
 - Level 8.0 Summonings
 - Level 8.0 Fire Magic
 - Level 8.2 Air Magic
 - Level 7.0 Invocations
 - Level 10.0 Shapeshifting


You had 7 spell levels left.
You knew the following spells:

 Your Spells              Type           Power      Damage    Failure   Level
c - Call Imp              Summ           84%        N/A       1%          2
f - Call Canine Familiar  Summ           42%        N/A       1%          3
l - Summon Lightning Spi  Summ/Air       43%        N/A       3%          4
v - Summon Mana Viper     Hex/Summ       36%        N/A       16%         5
z - Summon Small Mammal   Summ           100%       N/A       1%          1
X - Summon Blazeheart Go  Fire/Summ      43%        N/A       3%          4

Your spell library contained the following spells:

 Spells                   Type           Power      Damage    Failure   Level
 Slow                     Hex            100%       N/A       1%          1
 Jinxbite                 Hex            58%        N/A       1%          2
 Static Discharge         Conj/Air       50%        3-6/arc   2%          2
 Airstrike                Air            22%        2d(4-20)  2%          4
 Confusing Touch          Hex            29%        N/A       3%          3
 Sigil of Binding         Hex            29%        N/A       3%          3
 Summon Ice Beast         Ice/Summ       25%        N/A       4%          3
 Apportation              Tloc           14%        N/A       9%          1
 Necrotise                Necr           28%        1d5       9%          1
 Sandblast                Erth           14%        2d6       9%          1
 Sting                    Conj/Alch      28%        1d4       9%          1
 Vhi's Electric Charge    Tloc/Air       50%        N/A       16%         4
 Hailstorm                Conj/Ice       7%         3d5       24%         3
 Ozocubu's Armour         Ice            7%         N/A       24%         3
 Passwall                 Erth           7%         N/A       24%         3
 Stone Arrow              Conj/Erth      14%        3d7       24%         3
 Vampiric Draining        Necr           7%         2d6       24%         3
 Arcjolt                  Conj/Air       12%        1d22      38%         5
 Plasma Beam              Fire/Air       21%        2x1d33    41%         6
 Brom's Barrelling Bould  Conj/Erth      7%         2d3       63%         4
 Leda's Liquefaction      Alch/Erth      3%         N/A       63%         4
 Metabolic Englaciation   Hex/Ice        9%         N/A       63%         5
 Alistair's Intoxication  Alch           4%         N/A       92%         5
 Lee's Rapid Deconstruct  Erth           3%         3d5*      92%         5
 Monstrous Menagerie      Summ           21%        N/A       95%         7
 Bombard                  Conj/Erth      3%         9d1       100%        6
 Sculpt Simulacrum        Ice/Alch       3%         N/A       100%        6

Inventory:

Hand Weapons
 j - a +3 whip
Armour
 r - a +2 kite shield
 K - a +1 hat (worn)
Magical Staves
 i - a staff of earth {!a}
 n - a staff of cold {!a}
Jewellery
 p - the ring of the Imp (on tentacle) {rF++ Will+ rCorr}
   (You bought it in a shop on level 10 of the Dungeon)

   [ring of resist corrosion]

   rF++:      It greatly protects you from fire.
   Will+:     It increases your willpower.
   rCorr:     It protects you from acid and corrosion.
 t - an amulet of reflection (around mantle)
 v - a ring of see invisible (on tentacle)
 C - a ring of protection from cold (on tentacle)
 J - an amulet of faith {!P}
 L - a ring of flight (on tentacle)
 P - a ring of poison resistance (right blade tentacle)
 S - a +6 ring of strength (left blade tentacle)
Talismans
 B - a flux talisman
 G - a blade talisman (active)
Wands
 k - a wand of light (2)
 o - a wand of polymorph (8)
 s - a wand of mindburst (18)
 y - a wand of paralysis (10)
 E - a wand of iceblast (3)
 F - a wand of flame (3)
Scrolls
 b - a scroll of teleportation {@r2}
 g - 4 scrolls of fog
 h - a scroll of noise
 l - a scroll of poison
 m - 3 scrolls of enchant weapon
 u - 3 scrolls of vulnerability
Potions
 a - a potion of magic
 d - 5 potions of curing {@q1}
 e - a potion of haste {@q3}
 q - a potion of resistance
 w - 4 potions of mutation
 x - a potion of enlightenment {unknown}
 z - 3 potions of berserk rage {!q}
 A - a potion of cancellation
 D - 2 potions of might
 I - 5 potions of ambrosia

Dungeon Overview and Level Annotations

Branches:
Dungeon (10/15)            Temple (0/1) D:7            Lair (2/5) D:10
 Shoals (0/4) Lair:2          Orc (0/2) D:10         Bailey (visited)
Gauntlet (visited)
  Snake: Lair:2-3    Spider: Lair:2-3

Altars:
Ashenzari
Elyvilon
Fedhas
Gozag
Nemelex Xobeh
Ru
Sif Muna
Vehumet
Xom
Yredelemnul

Shops:
D:2 !   D:10 =

Annotations:
D:4 1 runed translucent door, Crazy Yiuf
Lair:2 Harold

#.##...P#.......... #..#
#.###....#........# ..
.##
#..###.#..P.......##..
.. ##.##
###........>..... .D
#...# #.......#....##
.>. ##..##
#.............# .#.
##..# #.....@.......#
#.. #.## #..8†.........(
#..
####.#####.#....@...##.
##..
#....##..#..........#
##...
........##..............
#.#..
.............#...P.##.P.
###...
..................## .#
..#^#.
.....P.#....#.)..... #
....#.
......P#...###.......
...... ..#...##..##
#....... P......
####.P#.... #.......
..##...


You could see Harold (ally target) and a friendly lightning spire (summoned).


Message History

Harold throws a throwing net.
The throwing net hits your inugami.
Your inugami is caught in the net!
You slash the blink frog!
You kill the blink frog!
Sif Muna accepts your kill.
Harold zaps a wand.
Your Dodging skill increases to level 4!
Casting: Call Canine Familiar (safe; 1% risk of failure)
Confirm with . or Enter, or press ? or * to list all spells.
An electric hum fills the air.
You are confused.
You feel invigorated. Harold fires a harpoon shot at you.
The harpoon shot hits your inugami!
Your inugami dies!
Your inugami disappears in a puff of smoke!
Your lightning spire shoots out a bolt of lightning at Harold!
The bolt of electricity hits Harold!
Harold fires a harpoon shot at you. The harpoon shot hits you!
* * * LOW HITPOINT WARNING * * *
You are yanked forward by the harpoon shot.
Harold closely misses you.
Your lightning spire shoots out a bolt of lightning at Harold!
The bolt of electricity hits Harold!
Found 6 curare-tipped darts.
Harold says, "Try to look on the bright side.
Your death will help put my children through school."
Harold hits you from afar with a +2 heavy halberd!!
You die...
Harold sighs, "Finally, I can get that nice plot of land and settle down."

Skill      XL: |  1  2  3  4  5  6  7  8  9 10 11 12 13 |
---------------+----------------------------------------+-----
Summonings     | 5 6 7 8 |  8.0
Spellcasting   | 4 6 7 |  7.0
Fighting       | 1 2 6 |  6.0
Unarmed Combat | 1 2 5 |  5.0
Stealth        | 4 |  4.0
Fire Magic     | 5 8 |  8.0
Air Magic      | 2 8 |  8.2
Shapeshifting  | 4 7 10 | 10.0
Invocations    | 7 |  7.0
Hexes          | 3 5 |  5.0
Dodging        | 4 |  4.1

Action                     |  1- 3 |  4- 6 |  7- 9 | 10-12 | 13-15 || total
---------------------------+-------+-------+-------+-------+-------++-------
  Melee: Unarmed           |     9 |    14 |    28 |   145 |    22 ||   218
         Constrict         |     4 |     2 |     5 |    36 |     7 ||    54
         Punch             |     1 |     1 |       |     1 |     1 ||     4
         Tentacles         |       |     3 |     7 |    44 |     6 ||    60
   Cast: Summon Small Mamm |    45 |    16 |    13 |     6 |       ||    80
         Call Imp          |     3 |     6 |     7 |     2 |       ||    18
         Call Canine Famil |     1 |     5 |     9 |    22 |     3 ||    40
         Summon Blazeheart |       |       |    29 |   129 |    13 ||   171
         Summon Lightning  |       |       |       |    14 |     2 ||    16
 Invoke: Channel Magic     |       |       |       |       |     1 ||     1
  Evoke: Wand              |       |       |       |     7 |       ||     7
    Use: Scroll            |     2 |     3 |     3 |    16 |     3 ||    27
         Potion            |       |     1 |       |     2 |     4 ||     7
   Stab: Distracted        |       |       |       |     1 |       ||     1
 Armour: Skin              |     3 |    11 |    38 |   130 |    29 ||   211
  Dodge: Dodged            |     5 |     7 |    24 |   187 |    20 ||   243
  Block: Other             |       |       |     2 |    44 |     8 ||    54
         Reflection        |       |       |       |     8 |       ||     8
   Form: Flux              |       |       |       |     1 |       ||     1
         Blade             |       |       |       |     1 |       ||     1

Levels and vault maps discovered:
D:1:      matt_arrival_refuge, layout_loops_ring, minmay_tromino_i4
D:2:      layout_basic, serial_shops, shop, dilly_ecumenical_altar_fadedgnrine
D:3:      layout_basic, mainiacjoe_overflow_catwalk, amcnicky_altar_gilded,
          uniq_sigmund
D:4:      layout_cave_pods, evilmike_ruin_ashenzari, uniq_crazy_yiuf_cottage,
          uniq_blork_the_orc, uniq_natasha
D:5:      layout_loops_ring, grunt_decor_junction, serial_bayou_lake_a,
          uniq_menkaure, uniq_pikel, uniq_grinder, uniq_ijyb, uniq_eustachio
D:6:      layout_basic, nicolae_overflow_crystal_walls, kennysheep_mini_moat,
          kennysheep_orc_sif_temple, kennysheep_mini
D:7:      layout_loops_cross, vehumet_statue, minmay_temple_entry_offerings
D:8:      minmay_chambers_of_sevens, layout_loops_ring
D:9:      layout_basic, mainiacjoe_overflow_six_doors_small, st_stairs_8,
          uniq_joseph, uniq_grum
D:10:     layout_roguey [special_room_bee],
          nicolae_gozag_cash_rules_everything_around_me,
          erik_lair_orcish_takeover, orc_0_dummy, enter_bailey_4, serial_shops,
          shop
Lair:1:   layout_roguey, gauntlet_entry_generic, cheibrodos_lair_reptile_den,
          lemuel_fruit_tree
Lair:2:   layout_misc_corridors, minmay_shoals_entry_beasts, uniq_gastronok,
          uniq_harold

Notes
Turn   | Place    | Note
-------+----------+-------------------------------------------
     0 | D:1      | Drazool the Octopode Summoner began the quest for the Orb.
     0 | D:1      | Reached XP level 1. HP: 11/11 MP: 3/3
   323 | D:1      | Reached XP level 2. HP: 17/17 MP: 3/5
   326 | D:1      | Learned a level 2 spell: Call Imp
   831 | D:1      | Upgraded the game from 0.32-a0-22-g6ae6769602 to
                  | 0.32-a0-30-gefbe487952
  1141 | D:2      | Reached XP level 3. HP: 21/21 MP: 4/6
  1145 | D:2      | Learned a level 3 spell: Call Canine Familiar
  1164 | D:2      | Found Maeq's Distillery.
  1183 | D:2      | Bought a potion of degeneration for 14 gold pieces
  1211 | D:2      | Found a faded altar of an unknown god.
  1285 | D:2      | Reached skill level 5 in Summonings
  1869 | D:3      | Found a shimmering altar of Xom.
  2309 | D:3      | Found a blossoming altar of Fedhas.
  2324 | D:3      | Noticed Sigmund
  2339 | D:3      | Killed Sigmund
  2340 | D:3      | Reached skill level 4 in Spellcasting
  2340 | D:3      | Reached XP level 4. HP: 27/27 MP: 1/10
  2340 | D:3      | Reached XP level 5. HP: 32/32 MP: 1/11
  2345 | D:3      | Reached skill level 1 in Fighting
  2345 | D:3      | Reached skill level 1 in Unarmed Combat
  2841 | D:4      | Noticed Blork the orc
  2861 | D:4      | Killed Blork the orc
  2862 | D:4      | Reached XP level 6. HP: 27/39 MP: 4/12
  2998 | D:4      | Noticed a sky beast
  3023 | D:4      | HP: 1/39 [sky beast (6)]
  3024 | D:4      | Killed a sky beast
  3025 | D:4      | Reached skill level 2 in Fighting
  3025 | D:4      | Reached skill level 2 in Unarmed Combat
  3169 | D:4      | Found a broken altar of Ashenzari.
  3370 | D:4      | Found a runed translucent door.
  3371 | D:4      | Noticed Crazy Yiuf
  3614 | D:4      | Noticed Natasha
  3631 | D:4      | Killed Natasha
  3632 | D:4      | Reached skill level 6 in Summonings
  3632 | D:4      | Reached skill level 3 in Stealth
  3632 | D:4      | Noticed Natasha
  3639 | D:4      | Killed Natasha
  3867 | D:4      | Noticed Natasha
  3876 | D:4      | Killed Natasha
  3877 | D:4      | Reached skill level 4 in Stealth
  3877 | D:4      | Reached XP level 7. HP: 45/45 MP: 6/13
  3927 | D:4      | Learned a level 4 spell: Summon Blazeheart Golem
  3932 | D:4      | Learned a level 4 spell: Summon Lightning Spire
  4081 | D:5      | Entered Level 5 of the Dungeon
  4082 | D:5      | Noticed Menkaure
  4090 | D:5      | Killed Menkaure
  4091 | D:5      | Reached skill level 2 in Fire Magic
  4237 | D:5      | Reached skill level 3 in Fire Magic
  4412 | D:5      | Noticed Eustachio
  4673 | D:4      | Killed Eustachio
  4674 | D:4      | Reached skill level 4 in Fire Magic
  4853 | D:5      | Noticed a yak
  4865 | D:5      | Noticed a yak
  4867 | D:5      | Noticed a yak
  4867 | D:5      | Noticed a yak
  4869 | D:5      | Noticed a yak
  4872 | D:5      | Killed a yak
  4873 | D:5      | Reached skill level 5 in Fire Magic
  4873 | D:5      | Reached XP level 8. HP: 50/50 MP: 11/14
  4902 | D:5      | Killed a yak
  4903 | D:5      | Reached skill level 6 in Fire Magic
  5000 | D:5      | Killed a yak
  5004 | D:5      | Killed a yak
  5005 | D:5      | Reached skill level 7 in Fire Magic
  5013 | D:5      | Killed a yak
  5014 | D:5      | Reached skill level 8 in Fire Magic
  5168 | D:5      | Reached skill level 2 in Air Magic
  5168 | D:5      | Reached XP level 9. HP: 54/54 MP: 11/15
  5248 | D:5      | Noticed Ijyb
  5262 | D:5      | Killed Ijyb
  5278 | D:5      | Noticed Grinder
  5296 | D:5      | Killed Grinder
  5297 | D:5      | Reached skill level 4 in Air Magic
  5426 | D:5      | Noticed Pikel
  5435 | D:5      | Killed Pikel
  5436 | D:5      | Reached skill level 6 in Air Magic
  6063 | D:6      | Found a shimmering blue altar of Sif Muna.
  6071 | D:6      | Became a worshipper of Sif Muna the Loreminder
  6122 | D:6      | Reached skill level 7 in Air Magic
  6268 | D:6      | Reached skill level 8 in Air Magic
  6440 | D:6      | Found a basalt altar of Yredelemnul.
  6566 | D:6      | Found a white marble altar of Elyvilon.
  6715 | D:6      | Reached XP level 10. HP: 60/60 MP: 12/16
  6820 | D:6      | Found a sparkling altar of Nemelex Xobeh.
  7000 | D:6      | Reached skill level 5 in Spellcasting
  7749 | D:7      | Reached * piety under Sif Muna
  7762 | D:7      | Reached skill level 3 in Fighting
  8120 | D:7      | Found a staircase to the Ecumenical Temple.
  8186 | D:7      | Reached skill level 4 in Fighting
  8438 | D:7      | Found a radiant altar of Vehumet.
  8866 | D:7      | Reached skill level 5 in Fighting
  9777 | D:8      | Reached skill level 6 in Fighting
  9982 | D:9      | Reached skill level 6 in Spellcasting
  9986 | D:9      | Reached skill level 1 in Shapeshifting
  9992 | D:9      | Reached skill level 2 in Shapeshifting
  9998 | D:9      | Reached ** piety under Sif Muna
  9999 | D:9      | Reached skill level 3 in Shapeshifting
 10206 | D:9      | Reached skill level 4 in Shapeshifting
 10245 | D:9      | Reached XP level 11. HP: 68/72 MP: 2/20
 10372 | D:9      | Noticed Joseph
 10386 | D:9      | Noticed a two-headed ogre
 10388 | D:9      | HP: 4/72 [Joseph/sling bullet (7)]
 10389 | D:9      | Killed Joseph
 10390 | D:9      | Reached skill level 5 in Shapeshifting
 10395 | D:9      | Killed a two-headed ogre
 10396 | D:9      | Reached skill level 6 in Shapeshifting
 10637 | D:9      | Noticed Grum
 10657 | D:9      | Killed Grum
 10977 | D:9      | Found a sacrificial altar of Ru.
 11247 | D:9      | Reached skill level 7 in Shapeshifting
 11838 | D:8      | Reached skill level 7 in Summonings
 11838 | D:8      | Reached skill level 1 in Invocations
 11921 | D:8      | Reached skill level 2 in Invocations
 11977 | D:8      | Reached skill level 3 in Invocations
 12270 | D:8      | Reached skill level 4 in Invocations
 12478 | D:10     | Entered Level 10 of the Dungeon
 12567 | D:10     | Found Ezyub's Jewellery Boutique.
 12573 | D:10     | Bought a ring of protection from cold for 425 gold pieces
 12588 | D:10     | Reached *** piety under Sif Muna
 12589 | D:10     | Reached skill level 5 in Invocations
 12614 | D:10     | Reached skill level 6 in Invocations
 12756 | D:10     | Found a staircase to the Lair.
 12809 | D:10     | Reached skill level 7 in Invocations
 12828 | D:10     | Reached XP level 12. HP: 61/79 MP: 13/21
 12909 | D:10     | Found a flagged portal.
 12961 | Bailey   | Entered a bailey
 13340 | Bailey   | Reached skill level 7 in Spellcasting
 13558 | Bailey   | Reached **** piety under Sif Muna
 13597 | Bailey   | Identified the +9 bardiche of Ascent {drain, Int+2}
 13629 | Bailey   | Reached skill level 3 in Unarmed Combat
 13947 | Bailey   | Reached skill level 4 in Unarmed Combat
 14122 | Bailey   | Acquired 1122 gold pieces
 14161 | D:10     | Bought a ring of flight for 297 gold pieces
 14161 | D:10     | Bought the ring of the Imp {rF++ Will+ rCorr} for 851 gold
                  | pieces
 14189 | D:10     | Found an opulent altar of Gozag.
 14477 | D:10     | Reached skill level 5 in Unarmed Combat
 14808 | D:10     | Found a staircase to the Orcish Mines.
 14872 | D:10     | Identified a potion of resistance
 15059 | Lair:1   | Entered Level 1 of the Lair of Beasts
 15357 | Lair:1   | Reached skill level 8 in Shapeshifting
 15370 | Lair:1   | Reached ***** piety under Sif Muna
 15418 | Lair:1   | Found a gate leading to a gauntlet.
 15450 | Gauntlet | Entered a Gauntlet
 15450 | Gauntlet | Found a transporter.
 15450 | Gauntlet | Found a transporter.
 15456 | Gauntlet | Found a transporter.
 15469 | Gauntlet | Found a transporter.
 15488 | Gauntlet | Found a transporter.
 15488 | Gauntlet | Found a transporter.
 15491 | Gauntlet | Found a transporter.
 15491 | Gauntlet | Found a transporter.
 15496 | Gauntlet | Noticed a reaper
 15505 | Gauntlet | Found a transporter.
 15520 | Gauntlet | Found a runed translucent door.
 15524 | Gauntlet | Found a transporter.
 15526 | Gauntlet | Noticed a death yak
 15531 | Gauntlet | Found a runed translucent door.
 15532 | Gauntlet | Noticed a death yak
 15533 | Gauntlet | Found a transporter.
 15535 | Gauntlet | Found a runed translucent door.
 15536 | Gauntlet | Noticed a thrashing horror
 15537 | Gauntlet | Noticed a death yak
 15540 | Gauntlet | Noticed a death yak
 15548 | Gauntlet | Found a transporter.
 15561 | Gauntlet | Found a transporter.
 15565 | Gauntlet | Noticed a quicksilver ooze
 15568 | Gauntlet | Found a transporter.
 15860 | Lair:1   | Reached skill level 9 in Shapeshifting
 15916 | Lair:1   | Noticed a skyshark
 15929 | Lair:1   | Killed a skyshark
 16194 | Lair:1   | Reached skill level 10 in Shapeshifting
 16601 | Lair:1   | Learned a level 5 spell: Summon Mana Viper
 16637 | Lair:2   | Noticed Harold
 16737 | Lair:2   | Reached skill level 1 in Hexes
 16755 | Lair:2   | Noticed an eight-headed hydra
 16780 | Lair:2   | Noticed Gastronok
 16802 | Lair:2   | Killed Gastronok
 16803 | Lair:2   | Reached skill level 3 in Hexes
 16803 | Lair:2   | Reached skill level 8 in Summonings
 16803 | Lair:2   | Reached XP level 13. HP: 16/83 MP: 16/23
 16804 | Lair:2   | HP: 8/83 [bullfrog (7)]
 17067 | Lair:2   | Reached skill level 4 in Hexes
 17096 | Lair:2   | Reached skill level 5 in Hexes
 17284 | Lair:2   | Found a staircase to the Shoals.
 17666 | Lair:2   | Reached skill level 3 in Dodging
 17697 | Lair:2   | Reached skill level 4 in Dodging
 17702 | Lair:2   | Slain by Harold

Vanquished Creatures
  Gastronok (Lair:2)
  A hydra (Lair:2)
  A two-headed ogre (D:9)
  2 skysharks
  Pikel (D:5)
  An orc knight (Bailey)
  2 manticores (Lair:2)
  2 elephants (Lair:1)
  A black mamba (Lair:1)
  4 cane toads
  2 kobold demonologists (D:8)
  A komodo dragon (D:10)
  A polar bear (Lair:1)
  A troll (D:8)
  2 hornets
  A queen bee (D:10)
  Grinder (D:5)
  8 blink frogs
  2 wyverns
  21 yaks
  A steam dragon (D:7)
  A basilisk (D:8)
  Menkaure (D:5)
  8 water moccasins
  An acid dragon (D:9)
  A sky beast (D:4)
  9 orc warriors
  A black bear (D:5)
  3 wolves
  4 centaurs
  A lemure (D:5)
  Blork the orc (D:4)
  6 bullfrogs
  2 scorpions
  2 wights (D:8)
  19 killer bees
  4 orc priests
  2 jellies
  An iguana (D:6)
  3 orc wizards (D:10)
  2 gnolls
  4 adders
  A white imp (D:8)
  21 orcs
  A ball python (D:1)
  A bat (D:3)
  A hobgoblin (D:10)
  2 kobolds (D:7)
  A rat (D:3)
161 creatures vanquished.

Vanquished Creatures (collateral kills)
  An orc knight (Bailey)
  An elephant (Lair:1)
  Joseph (D:9)
  2 cane toads
  Sigmund (D:3)
  10 yaks
  Eustachio (D:4)
  Grum (D:9)
  A warg (D:10)
  A basilisk (Lair:1)
  5 water moccasins
  2 black bears (D:6)
  5 orc warriors
  An ice beast (D:7)
  An ogre (D:6)
  A wolf (D:10)
  2 centaurs
  A lemure (D:5)
  A kobold brigand (D:7)
  6 bullfrogs
  A gnoll sergeant (D:7)
  3 scorpions
  3 wights (D:8)
  18 killer bees
  A howler monkey (D:8)
  A bombardier beetle (D:6)
  2 hounds (D:6)
  4 orc priests
  A gnoll bouda (D:5)
  7 iguanas
  Ijyb (D:5)
  Natasha (thrice) (D:4)
  8 orc wizards
  A statue (D:7)
  3 adders
  7 gnolls
  A shadow imp (D:6)
  A white imp (D:6)
  A nameless horror (D:4)
  2 ufetubi (D:7)
  3 dart slugs (D:4)
  A ribbon worm (D:3)
  28 orcs
  2 ball pythons
  7 endoplasms
  4 giant cockroaches
  6 goblins
  3 hobgoblins
  A jackal (D:1)
  2 quokkas
  4 bats
  2 frilled lizards (D:1)
  8 kobolds
  A rat (D:2)
186 creatures vanquished.

Vanquished Creatures (others)
  109 blazeheart cores
109 creatures vanquished.

Grand Total: 456 creatures vanquished

Table legend: (Time is in decaauts)
 A = Elapsed time spent in this place.
 B = Non-inter-level travel time spent in this place.
 C = Inter-level travel time spent in this place.
 D = Time resting spent in this place.
 E = Time spent auto-exploring this place.
 F = Levels seen in this place.
 G = Mean time per level.
                   A        B        C        D        E       F      G
               +--------+--------+--------+--------+--------+-----+--------+
         Total |  17692 |  16939 |    753 |   3896 |   9049 |  14 | 1263.7 |
       Dungeon |  14028 |  13383 |    645 |   2561 |   7861 |  10 | 1402.8 |
          Lair |   2337 |   2230 |    107 |    869 |    837 |   2 | 1168.5 |
        Bailey |   1166 |   1166 |      0 |    466 |    228 |   1 | 1166.0 |
      Gauntlet |    159 |    159 |      0 |      0 |    123 |   1 |  159.0 |
               +--------+--------+--------+--------+--------+-----+--------+

Top non-repeatable levels by time:
     D:9: 1936 daAuts
     D:6: 1901 daAuts
     D:8: 1598 daAuts
     D:4: 1588 daAuts
  Lair:1: 1520 daAuts
    D:10: 1467 daAuts
     D:5: 1448 daAuts
     D:7: 1302 daAuts
     D:3: 1193 daAuts
  Bailey: 1166 daAuts
     D:1: 852 daAuts
  Lair:2: 816 daAuts
     D:2: 740 daAuts
Gauntlet: 159 daAuts

Table legend:
 A = Non-vault XP
 B = Vault XP
 C = Vault XP percentage of total XP
 D = Non-vault monster count
 E = Vault monster count
 F = Vault count percentage of total count
                 A         B        C        D         E       F
            +---------+---------+-------+---------+---------+-------
      Total |   25278 |   12599 |  33.3 |     242 |     102 |  29.7
            +---------+---------+-------+---------+---------+-------
        D:1 |      19 |       4 |  17.4 |      12 |       2 |  14.3
        D:2 |      20 |       0 |   0.0 |      11 |       0 |   0.0
        D:3 |      24 |     214 |  89.9 |      11 |       1 |   8.3
        D:4 |     238 |     333 |  58.3 |       9 |       3 |  25.0
        D:5 |    1554 |    1158 |  42.7 |      22 |       4 |  15.4
        D:6 |    1209 |     240 |  16.6 |      22 |       4 |  15.4
        D:7 |    1388 |      32 |   2.3 |      31 |       1 |   3.1
        D:8 |    1573 |    2073 |  56.9 |      23 |      14 |  37.8
        D:9 |    4014 |     999 |  19.9 |      28 |       5 |  15.2
       D:10 |    3487 |    2562 |  42.4 |      32 |      40 |  55.6
     Lair:1 |    6824 |     173 |   2.5 |      24 |       3 |  11.1
     Lair:2 |    4928 |    2478 |  33.5 |      17 |       3 |  15.0
     Bailey |       0 |    2333 | 100.0 |       0 |      22 | 100.0
            +---------+---------+-------+---------+---------+-------
